 Dungeon Crawl Stone Soup version 0.19.0-20-gbc5f0c6 (webtiles) character file.

348 Millan the Shield-Bearer (level 6, -1/49 HPs)
             Began as a Formicid Fighter on Nov 17, 2016.
             Slain by Millan's ghost (12 damage)
             ... on level 4 of the Dungeon.
             The game lasted 00:05:49 (2736 turns).

Millan the Shield-Bearer (Formicid Fighter)         Turns: 2736, Time: 00:05:50

Health: -1/49      AC:  7    Str: 28    XL:     6   Next: 91%
Magic:  6/6        EV:  9    Int:  7    God:
Gold:   176        SH: 11    Dex: 10    Spells: 0 memorised, 5 levels left

rFire  . . .     SeeInvis +     a - +0 trident
rCold  . . .     Gourm    .     b - +0 scale mail
rNeg   . . .     Faith    .     c - +0 shield
rPois  .         Spirit   .     (helmet unavailable)
rElec  .         Reflect  .     (no cloak)
rCorr  .         Harm     .     (no gloves)
MR     .....                    (no boots)
Stlth  +.........               (no amulet)
                                (no ring)
                                u - ring of stealth

@: mighty
A: permanent stasis, dig shafts and tunnels, four strong arms, antennae 3
a: Dig, Shaft Self


You were on level 4 of the Dungeon.
You were not hungry.

You visited 1 branch of the dungeon, and saw 5 of its levels.

You collected 176 gold pieces.

Inventory:

Hand Weapons
 a - a +0 trident (weapon)
Armour
 b - a +0 scale mail (worn)
 c - a +0 shield (worn)
Jewellery
 u - a ring of stealth (left hand)
Wands
 q - a wand of slowing (9/48)
 v - a wand of paralysis (12/24)
Scrolls
 e - 2 scrolls of noise {unknown}
 k - a scroll of remove curse {unknown}
 l - a scroll of fear {unknown}
 o - 2 scrolls of amnesia {unknown}
 s - a scroll of identify {unknown}
 t - a scroll of random uselessness {unknown}
 w - a scroll of enchant armour {unknown}
Potions
 h - a potion of flight {unknown}
 m - a potion of curing {unknown}
 n - 2 potions of haste
Comestibles
 f - 3 bread rations
 g - a royal jelly
 j - 7 fruits
 p - 2 beef jerkies
 r - a meat ration


   Skills:
 + Level 4.4 Fighting
 * Level 4.2 Polearms
 + Level 4.2 Armour
 * Level 5.8 Shields


You had 5 spell levels left.
You didn't know any spells.

Dungeon Overview and Level Annotations

Branches:
Dungeon (5/15)
 Temple: D:4-7

Altars:
Dithmenos

Annotations:
D:4 Millan's ghost, amateur FoFi
D:5 Millan's ghost, novice FoFi


Innate Abilities, Weirdness & Mutations

You are under a permanent stasis effect.
You can dig through walls and to a lower floor.
Your four strong arms can wield two-handed weapons with a shield.
You have a pair of large antennae on your head. (SInv)


Message History

You feel much better. Millan's ghost hits you!
You feel very mighty all of a sudden. Millan's ghost hits you!
* * * LOW HITPOINT WARNING * * *
You are too injured to fight recklessly!
You are too injured to fight recklessly!
You are too injured to fight recklessly!
You are too injured to fight recklessly!
You are too injured to fight recklessly!
You are too injured to fight recklessly!
You are too injured to fight recklessly!
You are too injured to fight recklessly!
You are too injured to fight recklessly!
You hit Millan's ghost but do no damage.
Millan's ghost is heavily damaged.
Millan's ghost barely misses you.
You puncture Millan's ghost!
Millan's ghost is severely damaged.
Millan's ghost hits you!
You die...

#........# .. #........#
..#........# .#........#
####+### '........#
#......####+##......#
#.....##...##......######
#....>.....)...W.........
.#..............@.........
.#........................
.#####'##...####...###...#
........###'####...## #
........#...........#
........#...........#
.<......#...........#
........#...........#
........#..###......#


You could see Millan's ghost.

Vanquished Creatures
  An ice beast (D:5)
  An ogre (D:3)
  A crimson imp (D:5)
  7 adders
  An ooze (D:1)
  2 worms (D:2)
  4 dart slugs
  3 leopard geckos
  2 orcs (D:3)
  5 goblins
  6 hobgoblins
  4 jackals (D:2)
  2 quokkas
  5 bats
  4 frilled lizards
  8 kobolds
  6 rats
62 creatures vanquished.

Notes
Turn   | Place    | Note
-------+----------+-------------------------------------------
     0 | D:1      | Millan the Formicid Fighter began the quest for the Orb.
     0 | D:1      | Reached XP level 1. HP: 18/18 MP: 1/1
    94 | D:1      | Reached skill level 4 in Shields
    94 | D:1      | Reached XP level 2. HP: 15/24 MP: 2/2
   485 | D:1      | Reached XP level 3. HP: 27/29 MP: 3/3
  1246 | D:2      | Reached XP level 4. HP: 35/35 MP: 4/4
  1715 | D:2      | Reached XP level 5. HP: 41/42 MP: 5/5
  2250 | D:3      | Noticed an ogre
  2259 | D:3      | Killed an ogre
  2259 | D:3      | Reached skill level 5 in Shields
  2259 | D:3      | Reached XP level 6. HP: 34/48 MP: 6/6
  2424 | D:3      | You fall through a shaft for 2 floors!
  2424 | D:5      | Entered Level 5 of the Dungeon
  2536 | D:5      | Noticed an ice beast
  2541 | D:5      | Killed an ice beast
  2574 | D:5      | Noticed Millan's ghost (novice FoFi)
  2629 | D:4      | Found a shadowy altar of Dithmenos.
  2718 | D:4      | Noticed Millan's ghost (amateur FoFi)
  2736 | D:4      | Slain by Millan's ghost

Skill      XL: |  1  2  3  4  5  6 |
---------------+-------------------+-----
Shields        | 4 5 |  5.8
Polearms       | 3 4 |  4.2
Fighting       | 4 |  4.4
Armour         | 4 |  4.2

Action                   |  1- 3 |  4- 6 || total
-------------------------+-------+-------++-------
Melee: Trident           |   102 |   193 ||   295
  Use: Potion            |       |     4 ||     4
  Eat: Chunk             |     1 |     5 ||     6
Armor: Scale mail        |    41 |    50 ||    91
Dodge: Dodged            |    14 |    38 ||    52
Block: Shield            |    39 |    68 ||   107
